 Dungeon Crawl Stone Soup version 0.31-a0-1008-g5b978da (webtiles) character file.

Game seed: 3620611005259987230

7265 Partyfoot the Fighter (level 11, -3/90 HPs)
             Began as a Formicid Fighter on Nov 12, 2023.
             Was an Elder of Okawaru.
             Slain by a caustic shrike skeleton (16 damage)
             ... on level 2 of the Abyss.
             The game lasted 00:45:36 (11554 turns).

Partyfoot the Fighter (Formicid Fighter)           Turns: 11554, Time: 00:45:37

Health: -3/90      AC: 17    Str: 21    XL:     11   Next: 34%
Magic:  24/24      EV: 12    Int:  8    God:    Okawaru [****..]
Gold:   459        SH:  6    Dex: 17    Spells: 13/15 levels left

rFire   + . .        a - +2 whip (elec)
rCold   + . .        c - +0 buckler
rNeg    . . .        r - +3 scale mail {rF+}
rPois   .            (helmet unavailable)
rElec   .            s - +0 cloak
rCorr   .            k - +0 pair of gloves
SInv    +            u - +2 pair of boots
Will    +....        (no amulet) Stlth
                     y - ring of Oxuut {rC+ MP+9}
HPRegen 0.35/turn    (no ring)
MPRegen 0.19/turn

%: no passive effects
@: no status effects
A: permanent stasis, dig shafts and tunnels, antennae 3, four strong arms
a: Dig, Shaft Self, Renounce Religion, Heroism, Finesse


You were on level 2 of the Abyss.
You worshipped Okawaru.
Okawaru was greatly pleased with you.
You visited 2 branches of the dungeon, and saw 13 of its levels.
You visited the Abyss 1 time.
You also visited: Bailey.

You collected 621 gold pieces.
You spent 162 gold pieces at shops.

Inventory:

Hand Weapons
 a - a +2 whip of electrocution (weapon)
 b - a +4 orcbow of flaming
 A - a +2 flail of venom
Missiles
 j - a throwing net
Armour
 c - a +0 buckler (worn)
 k - a +0 pair of gloves (worn)
 r - a +3 scale mail of fire resistance (worn)
 s - a +0 cloak (worn)
 u - a +2 pair of boots (worn)
Jewellery
 q - an amulet of faith
 y - the ring of Oxuut (left hand) {rC+ MP+9}
   (You found it on level 5 of the Dungeon)

   [ring of magical power]

   rC+:       It protects you from cold.
   MP+9:      It affects your magic capacity (+9).
 z - a ring of resist corrosion
Wands
 o - a wand of mindburst (14)
 x - a wand of flame (11)
Scrolls
 e - 4 scrolls of noise
 f - a scroll of fear
 g - a scroll of fog
 h - 3 scrolls of torment
 l - 2 scrolls of identify
 m - 2 scrolls of enchant armour
 n - 4 scrolls of vulnerability
 t - 4 scrolls of teleportation
 w - a scroll of blinking
Potions
 d - a potion of lignification {unknown}
 i - 4 potions of curing
 p - 2 potions of magic
 v - a potion of brilliance


   Skills:
 - Level 10.0 Fighting
 + Level 7.5 Maces & Flails
 - Level 5.2 Ranged Weapons
 - Level 7.6 Armour
 - Level 4.4 Dodging
 + Level 8.1 Shields
 + Level 2.8 Spellcasting
 - Level 3.0 Transmutations
 - Level 3.0 Earth Magic
 + Level 3.1 Invocations


You had 13 spell levels left.
You knew the following spells:

 Your Spells              Type           Power      Damage    Failure   Level
a - Passwall              Tmut/Erth      4%         N/A       38%         2

Your spell library contained the following spells:

 Spells                   Type           Power      Damage    Failure   Level
 Ensorcelled Hibernation  Hex/Ice        2%         N/A       82%         2
 Ozocubu's Armour         Ice            1%         N/A       96%         3
 Manifold Assault         Tloc           1%         N/A       100%        4
 Ozocubu's Refrigeration  Ice            0%         4d7       100%        7
 Blink                    Tloc           Unusable   N/A       N/A         2
 Swiftness                Air            Unusable   N/A       N/A         3

Dungeon Overview and Level Annotations

Branches:
Dungeon (12/15)            Temple (0/1) D:7            Lair (1/5) D:9
    Orc (0/2) D:10         Bailey (visited)

Altars:
Elyvilon
Fedhas
Gozag
Hepliaklqana
Kikubaaqudgha
Okawaru
Ru
Sif Muna
Uskayaw
Yredelemnul

Shops:
D:1 ![?!   D:4 (   D:7 (

Annotations:
D:8 3 runed translucent doors, ooops's ghost, novice OpCj
Lair:1 Sonja


Innate Abilities, Weirdness & Mutations

You cannot be hasted, slowed, berserked, paralysed or teleported.
You can dig through walls and to a lower floor.
You have a pair of large antennae on your head. (SInv)
Your four strong arms can wield two-handed weapons with a shield.


Message History

Sonja closely misses you. Sonja hits you but does no damage.
You are cast into the Abyss!
To return, you must find a gate leading back.
Killing monsters will force the Abyss to allow you passage.
This branch contains the abyssal rune of Zot.
Beware, you cannot shaft yourself on this level.
Found two portals.
Found a corrupted altar of Lugonu.
There is a gateway leading out of the Abyss here.
A tentacled starspawn comes into view.
You stop ascending the stairs.
You are suddenly pulled into a different region of the Abyss!
A caustic shrike skeleton comes into view.
The caustic shrike skeleton attacks as it pursues you!
The caustic shrike skeleton claws you!!
The caustic shrike skeleton claws you but does no damage.
The caustic shrike skeleton claws you!
A caustic shrike skeleton is nearby!
Your +2 flail of venom stops dripping with poison.
You hear the crackle of electricity.
a - a +2 whip of electrocution (weapon)
The caustic shrike skeleton barely misses you.
You whack the caustic shrike skeleton!
Lightning courses through the caustic shrike skeleton!!
The caustic shrike skeleton is moderately damaged.
The caustic shrike skeleton claws you.
* * * LOW HITPOINT WARNING * * *
You hit the caustic shrike skeleton.
The caustic shrike skeleton is moderately damaged.
The caustic shrike skeleton claws you but does no damage.
You hit the caustic shrike skeleton but do no damage.
Lightning courses through the caustic shrike skeleton!
The caustic shrike skeleton is moderately damaged.
The caustic shrike skeleton claws you!
* * * LOW HITPOINT WARNING * * *
You hit the caustic shrike skeleton.
The caustic shrike skeleton is heavily damaged.
You block the caustic shrike skeleton's attack.
The caustic shrike skeleton claws you!
You die...

## #. #
#.## .# .#
...#. #.##
#..#...#
#@### .
#.Z.##...#
##..##.. .
###.# ..#
##.#.#...##
##.#.##....
#...#. . .#
. #. ##
.#.#...
##.#
.##..#..# .
....#


You could see a caustic shrike skeleton.

Vanquished Creatures
  A deep elf pyromancer (D:10)
  Pikel (D:5)
  2 cane toads
  A komodo dragon (D:9)
  A troll (D:8)
  A slime creature (D:10)
  3 yaks (D:10)
  2 wraiths
  A steam dragon (D:7)
  3 wargs (D:9)
  A water moccasin (D:4)
  2 black bears (D:5)
  A sky beast (D:7)
  Duvessa (D:5)
  5 orc warriors
  6 centaurs
  3 ogres (D:5)
  2 kobold brigands
  4 bullfrogs
  A lemure (D:5)
  A scorpion (D:5)
  A gnoll sergeant (Bailey)
  5 killer bees (D:8)
  Dowan (D:5)
  A howler monkey (D:7)
  2 quasits (D:7)
  5 hounds
  2 jellies
  8 orc priests
  A gnoll bouda (D:5)
  4 iguanas
  Ijyb (D:4)
  Terence (D:3)
  14 orc wizards
  Robin (D:3)
  11 gnolls
  8 adders
  6 shadow imps (D:7)
  4 white imps (D:7)
  An ufetubus (D:7)
  3 worms
  5 dart slugs
  32 orcs
  5 endoplasms
  2 giant cockroaches
  11 goblins
  8 hobgoblins
  8 jackals (D:1)
  4 quokkas
  5 ball pythons
  7 bats
  4 frilled lizards
  17 kobolds
  8 rats
  A butterfly (D:7)
240 creatures vanquished.

Notes
Turn   | Place    | Note
-------+----------+-------------------------------------------
     0 | D:1      | Partyfoot the Formicid Fighter began the quest for the Orb.
     0 | D:1      | Reached XP level 1. HP: 18/18 MP: 1/1
    36 | D:1      | Found Ydot's Magic Scroll Emporium.
    48 | D:1      | Found Filait's Distillery.
   157 | D:1      | Reached XP level 2. HP: 24/24 MP: 2/2
   322 | D:1      | Reached XP level 3. HP: 29/30 MP: 3/3
   383 | D:1      | Found Wusiecech's Distillery.
   460 | D:1      | Reached skill level 4 in Fighting
   644 | D:1      | Found Zopoemuk's Armour Boutique.
   922 | D:2      | Reached XP level 4. HP: 32/37 MP: 4/4
  1541 | D:3      | Reached XP level 5. HP: 7/42 MP: 5/5
  1688 | D:3      | Noticed Terence
  1699 | D:3      | Reached skill level 5 in Fighting
  1727 | D:3      | Killed Terence
  2519 | D:3      | Reached XP level 6. HP: 51/51 MP: 6/6
  2520 | D:3      | Found an ancient bone altar of Kikubaaqudgha.
  2527 | D:3      | Found a blossoming altar of Fedhas.
  2534 | D:3      | Found a white marble altar of Elyvilon.
  2542 | D:3      | Found a basalt altar of Yredelemnul.
  2544 | D:3      | Found a shimmering blue altar of Sif Muna.
  2544 | D:3      | Noticed Robin
  2555 | D:3      | Killed Robin
  2574 | D:3      | Found a sacrificial altar of Ru.
  2585 | D:3      | Found an opulent altar of Gozag.
  2631 | D:4      | Noticed a water moccasin
  2826 | D:4      | Killed a water moccasin
  2827 | D:4      | Reached skill level 6 in Fighting
  2827 | D:4      | Reached skill level 5 in Maces & Flails
  3137 | D:4      | Found Toinnic's Antique Weapon Shoppe.
  3144 | D:4      | Reached XP level 7. HP: 58/58 MP: 7/7
  3146 | D:4      | Noticed Ijyb
  3147 | D:4      | Bought a glowing orcbow for 162 gold pieces
  3164 | D:4      | Killed Ijyb
  3432 | D:5      | Entered Level 5 of the Dungeon
  3445 | D:5      | Noticed Dowan
  3445 | D:5      | Noticed Duvessa
  3517 | D:5      | Reached skill level 1 in Ranged Weapons
  3548 | D:5      | Identified the ring of Oxuut {rC+ MP+9}
  3753 | D:5      | Killed Duvessa
  3759 | D:5      | Killed Dowan
  3760 | D:5      | Reached skill level 1 in Dodging
  3859 | D:5      | Reached XP level 8. HP: 41/65 MP: 8/8
  3944 | D:5      | Noticed Pikel
  3970 | D:5      | Killed Pikel
  3971 | D:5      | Reached skill level 7 in Fighting
  3971 | D:5      | Reached skill level 5 in Armour
  4140 | D:5      | Reached XP level 9. HP: 47/72 MP: 9/9
  4745 | D:6      | Reached skill level 8 in Fighting
  4829 | D:6      | Found a hazy altar of Hepliaklqana.
  5539 | D:7      | Found Yshre's Antique Weapon Boutique.
  5603 | D:7      | Found a flagged portal.
  5620 | Bailey   | Entered a bailey
  6284 | D:7      | Reached skill level 5 in Ranged Weapons
  6298 | D:7      | Found an iron altar of Okawaru.
  6310 | D:7      | Became a worshipper of Warmaster Okawaru
  6315 | D:7      | Found a hide-covered altar of Uskayaw.
  6656 | D:7      | Reached * piety under Okawaru
  6666 | D:7      | Found a staircase to the Ecumenical Temple.
  6778 | D:7      | Reached XP level 10. HP: 82/82 MP: 10/10
  7051 | D:7      | You fall into a shaft and drop 3 floors!
  7051 | D:10     | Entered Level 10 of the Dungeon
  7254 | D:10     | Noticed a deep elf pyromancer
  7269 | D:10     | Killed a deep elf pyromancer
  7270 | D:10     | Reached skill level 9 in Fighting
  7270 | D:10     | Reached skill level 5 in Shields
  7429 | D:9      | Learned a level 2 spell: Passwall
  7453 | D:9      | Reached ** piety under Okawaru
  7550 | D:9      | Reached skill level 1 in Earth Magic
  7674 | D:9      | Reached skill level 1 in Transmutations
  7822 | D:9      | Found a staircase to the Lair.
  8406 | D:8      | Reached *** piety under Okawaru
  8919 | D:8      | Found a runed translucent gate.
  8920 | D:8      | Found a runed translucent gate.
  8921 | D:8      | Found a runed translucent gate.
  8923 | D:8      | Noticed ooops's ghost (novice OpCj)
  9772 | D:10     | Reached XP level 11. HP: 66/90 MP: 11/11
  9917 | D:10     | Reached skill level 10 in Fighting
  9927 | D:10     | Reached skill level 1 in Spellcasting
  9932 | D:10     | Reached skill level 1 in Invocations
 10183 | D:10     | Found a staircase to the Orcish Mines.
 10763 | D:10     | Noticed a centaur warrior
 10763 | D:10     | Noticed an orc knight
 10768 | D:10     | You fall into a shaft and drop 2 floors!
 10834 | D:11     | Noticed a cyclops
 11023 | Lair:1   | Entered Level 1 of the Lair of Beasts
 11043 | Lair:1   | Reached **** piety under Okawaru
 11068 | Lair:1   | Noticed Sonja
 11479 | Abyss:2  | Cast into level 2 of the Abyss (Sonja)
 11480 | Abyss:2  | Found a corrupted altar of Lugonu.
 11499 | Abyss:2  | Noticed a tentacled starspawn
 11554 | Abyss:2  | Slain by a caustic shrike skeleton

Illustrated notes

Levels and vault maps discovered:
D:1:      spicycebolla_arrival_clurvy, layout_basic, serial_shops,
          nicolae_shop_hallway_stairs, shop_scrolls, shop_fountains,
          nicolae_shop_waterfront
D:2:      layout_rooms
D:3:      layout_basic, grunt_temple_overflow_octagram, minmay_quadrilaterals,
          uniq_robin, uniq_terence
D:4:      layout_basic, serial_shops, nicolae_shop_advertising_works
          [nicolae_subvault_shop_adworks], uniq_ijyb
D:5:      layout_loops_cross, st_stairs_10, uniq_pikel, uniq_duvessa
D:6:      layout_layer_cave, mainiacjoe_overflow_brackets
D:7:      layout_loops_cross, mainiacjoe_overflow_large_starburst,
          minmay_temple_entry_butterflies, enter_bailey_3, serial_demonic,
          serial_demonic_b, serial_demonic_a, serial_demonic_d,
          serial_demonic_b, serial_demonic_a, serial_demonic_b,
          serial_demonic_f, serial_shops, nicolae_shop_peninsula,
          grunt_livestock, kb_lookout_dungeons_type,
          minmay_fractal_squares_gapless_5
D:8:      layout_cave_pools, gammafunk_ghost_split
D:9:      layout_roguey, erik_lair_orcish_takeover, serial_glass,
          glass_columns_a, glass_columns_a, glass_columns_c, glass_columns_a
D:10:     minmay_diamond_stairs, layout_cave_pods
D:11:     layout_loops_ring, hangedman_decor_peaks_small
D:12:     layout_cave_pods
Lair:1:   layout_regular_city, uniq_sonja
Abyss:2:  base: Lair:1, minivault_13

Skill      XL: |  1  2  3  4  5  6  7  8  9 10 11 |
---------------+----------------------------------+-----
Fighting       | 4 5 6 7 8 9 10 | 10.0
Maces & Flails | 3 4 5 6 7 |  7.5
Ranged Weapons | 2 3 5 |  5.2
Armour         | 4 5 6 7 |  7.6
Dodging        | 1 3 4 |  4.4
Shields        | 6 8 |  8.1
Earth Magic    | 3 |  3.0
Transmutations | 3 |  3.0
Spellcasting   | 2 |  2.8
Invocations    | 3 |  3.1

Action                     |  1- 3 |  4- 6 |  7- 9 | 10-12 || total
---------------------------+-------+-------+-------+-------++-------
  Melee: Flail             |    21 |       |       |    11 ||    32
         Short sword       |   106 |   177 |       |       ||   283
         Hand axe          |       |    52 |   143 |       ||   195
         Dire flail        |       |       |   121 |   102 ||   223
         Whip              |       |       |       |   187 ||   187
   Fire: Orcbow            |       |       |   124 |    79 ||   203
   Cast: Passwall          |       |       |       |     1 ||     1
Ability: Dig               |       |       |     4 |    13 ||    17
         Shaft Self        |       |       |       |     2 ||     2
    Use: Potion            |       |     1 |     2 |     2 ||     5
         Scroll            |       |       |    18 |       ||    18
 Armour: Scale mail        |    85 |   180 |   256 |   211 ||   732
  Dodge: Dodged            |    52 |   120 |   181 |   145 ||   498
  Block: Buckler           |    25 |    67 |   111 |    72 ||   275

Table legend: (Time is in decaauts)
 A = Elapsed time spent in this place.
 B = Non-inter-level travel time spent in this place.
 C = Inter-level travel time spent in this place.
 D = Time resting spent in this place.
 E = Time spent auto-exploring this place.
 F = Levels seen in this place.
 G = Mean time per level.
                   A        B        C        D        E       F      G
               +--------+--------+--------+--------+--------+-----+--------+
         Total |  11642 |  11115 |    527 |   2793 |   5649 |  15 |  776.1 |
       Dungeon |  11053 |  10526 |    527 |   2517 |   5649 |  12 |  921.1 |
          Lair |     55 |     55 |      0 |     23 |      0 |   1 |   55.0 |
         Abyss |     73 |     73 |      0 |      0 |      0 |   1 |   73.0 |
        Bailey |    460 |    460 |      0 |    253 |      0 |   1 |  460.0 |
               +--------+--------+--------+--------+--------+-----+--------+

Top non-repeatable levels by time:
     D:9: 1785 daAuts
    D:10: 1476 daAuts
     D:3: 1287 daAuts
     D:5: 1207 daAuts
     D:7: 1067 daAuts
     D:8: 980 daAuts
     D:1: 919 daAuts
     D:6: 918 daAuts
     D:4: 767 daAuts
     D:2: 531 daAuts
  Bailey: 460 daAuts
    D:11: 86 daAuts
 Abyss:2: 73 daAuts
  Lair:1: 55 daAuts
    D:12: 24 daAuts
